 Dungeon Crawl Stone Soup version 0.31.0-7-gf635a9b802 (webtiles) character file.

Game seed: 13219743719047411028

413 Arcadio the Trooper (level 6, -8/51 HPs)
             Began as a Human Monk on Jan 23, 2024.
             Was a Believer of Zin.
             Killed by divine providence
             ... invoked by an orc priest
              (13 damage)
             ... on level 4 of the Dungeon.
             The game lasted 00:05:53 (2627 turns).

Arcadio the Trooper (Human Monk)                    Turns: 2627, Time: 00:05:53

Health: -8/51      AC:  6    Str: 12    XL:     6   Next: 90%
Magic:  6/6        EV: 13    Int: 10    God:    Zin [**....]
Gold:   122        SH:  0    Dex: 23    Spells: 5/5 levels left

rFire   . . .        w - +1 long sword of Death {flame, Dex+6}
rCold   + . .        d - orb {light}
rNeg    . . .        y - +0 ring mail
rPois   .            (no helmet)
rElec   .            (no cloak)
rCorr   .            m - +0 pair of gloves
SInv    .            (no boots)
Will    .....        (no amulet) Stlth
                     k - ring of wizardry
HPRegen 0.28/turn    l - ring of protection from cold
MPRegen 0.10/turn

%: wizardry (x1)
@: confused, lethally poisoned (-8 -> -13), ambrosia-drunk, glowing
A: explore regen
a: Renounce Religion, Recite, Vitalisation, Donate Gold


You were on level 4 of the Dungeon.
You worshipped Zin.
Zin was pleased with you.
You visited 1 branch of the dungeon, and saw 4 of its levels.

You collected 135 gold pieces.
You donated 13 gold pieces to Zin.

Inventory:

Hand Weapons
 a - a +0 mace
 h - a +0 long sword
 w - the +1 long sword of Death (weapon) {flame, Dex+6}
   (You took it off a hobgoblin on level 3 of the Dungeon)

   Dex+6:     It affects your dexterity (+6).
Armour
 b - a +0 robe
 d - an orb of light (worn)
 j - a +0 leather armour
 m - a +0 pair of gloves (worn)
 y - a +0 ring mail (worn)
Jewellery
 k - a ring of wizardry (left hand)
 l - a ring of protection from cold (right hand)
 x - a ring of see invisible
Wands
 v - a wand of flame (29)
Scrolls
 e - 2 scrolls of amnesia
 f - a scroll of torment {unknown}
 g - 2 scrolls of blinking {unknown}
 i - a scroll of immolation {unknown}
 n - 3 scrolls of teleportation {unknown}
 o - a scroll of vulnerability {unknown}
 p - a scroll of poison {unknown}
 r - 2 scrolls of identify
 A - a scroll of enchant armour {unknown}
Potions
 c - a potion of ambrosia
 q - a potion of cancellation {unknown}
 s - a potion of berserk rage {unknown}
 t - a potion of attraction {unknown}
 u - a potion of curing {unknown}
 z - a potion of heal wounds {unknown}


   Skills:
 + Level 5.0 Fighting
 + Level 4.9 Maces & Flails
 + Level 0.0 Armour
 - Level 4.9 Dodging


You had 5 spell levels left.
You didn't know any spells.
Your spell library contained the following spells:

 Spells                   Type           Power      Damage    Failure   Level
 Magic Dart               Conj           0%         1d3       32%         1
 Searing Ray              Conj           0%         2d4       45%         2
 Fulminant Prism          Conj/Alch      0%         3d5       96%         4


Dungeon Overview and Level Annotations

Branches:
Dungeon (4/15)
 Temple: D:4-7

Altars:
Zin


Innate Abilities, Weirdness & Mutations

You regain HP and MP as you explore.


Message History

The orc wizard gestures at you while chanting.
The magic dart hits you. The dart slug launches a dart at you.
The slug dart hits you.
The orc throws a boomerang.
The boomerang closely misses you.
The orc priest invokes the aid of Beogh against you.
Pain shoots through your body!
As you read the scroll labelled MES INGUMPEE, it crumbles to dust.
It is a scroll of identify.
e - 2 scrolls of amnesia;
r - 2 scrolls of identify;
t - a coppery potion The adder bites you.
You are poisoned.
The adder poisons you! The orc wizard misses you.
The orc priest completely misses you.
Okay, then.
Okay, then.
Okay, then.
You are confused.
You feel invigorated.
You feel sick. The adder bites you. The orc priest closely misses you.
The orc wizard hits you with a +0 dagger.
* * * LOW HITPOINT WARNING * * *
The orc hits you but does no damage.
You hit the orc priest but do no damage.
You feel sick. The adder bites you but does no damage. The adder bites you.
* * * LOW HITPOINT WARNING * * *
You are more poisoned.
The adder poisons you! The orc wizard barely misses you.
The orc hits you but does no damage. The orc priest barely misses you.
The dart slug bites you but does no damage.
You hit the orc priest. You burn the orc priest.
The orc priest is moderately wounded.
You feel sick. The adder closely misses you.
The orc wizard gestures at you while chanting.
The magic dart hits you!
* * * LOW HITPOINT WARNING * * *
The orc barely misses you.
The orc priest invokes the aid of Beogh against you.
Beogh smites you!
You die...

#...^...#
#.......#
#.......#
#.......#
####.......#
........)..#
......>....#
......o....#
......S@o..#
......wo...#
...........#
...........#
.........$.#
##+#.......#
#.......#
#...(...#


You could see an orc priest, an orc wizard, an adder, a dart slug and an orc.

Vanquished Creatures
  Sigmund (D:2)
  A phantom (D:3)
  3 orc wizards (D:3)
  4 adders
  A dart slug (D:2)
  8 orcs
  6 ball pythons
  4 bats
  5 endoplasms
  3 giant cockroaches
  7 goblins
  5 hobgoblins
  4 jackals
  3 quokkas
  5 frilled lizards
  3 kobolds
  8 rats
71 creatures vanquished.

Notes
Turn   | Place    | Note
-------+----------+-------------------------------------------
     0 | D:1      | Arcadio the Human Monk began the quest for the Orb.
     0 | D:1      | Reached XP level 1. HP: 18/18 MP: 1/1
   160 | D:1      | Reached XP level 2. HP: 21/24 MP: 2/2
   533 | D:2      | Reached XP level 3. HP: 29/29 MP: 3/3
   571 | D:2      | Noticed Sigmund
   897 | D:2      | Reached XP level 4. HP: 33/37 MP: 4/4
  1008 | D:2      | Found a glowing silver altar of Zin.
  1015 | D:2      | Became a worshipper of Zin the Law-Giver
  1015 | D:2      | Reached * piety under Zin
  1015 | D:2      | Reached ** piety under Zin
  1106 | D:2      | HP: 1/37 [Sigmund/magic dart (7)]
  1107 | D:2      | Killed Sigmund
  1108 | D:2      | Reached skill level 4 in Fighting
  1108 | D:2      | Reached XP level 5. HP: 2/43 MP: 5/5
  1417 | D:3      | Reached XP level 6. HP: 42/49 MP: 6/6
  1607 | D:3      | Identified the +1 long sword of Death {flame, Dex+6}
  2502 | D:4      | Reached skill level 5 in Fighting
  2627 | D:4      | Killed from afar by an orc priest

Illustrated notes

Levels and vault maps discovered:
D:1:      ncdulo_smallfort, layout_rooms
D:2:      layout_basic, basic_altar, uniq_sigmund
D:3:      layout_loops_corners, minivault_24
D:4:      layout_gridville

Skill      XL: |  1  2  3  4  5  6 |
---------------+-------------------+-----
Fighting       | 4 5 |  5.0
Maces & Flails | 4 |  4.9
Dodging        | 4 |  4.9

Action                     |  1- 3 |  4- 6 || total
---------------------------+-------+-------++-------
  Melee: Mace              |     6 |       ||     6
         Long sword        |    78 |    97 ||   175
 Invoke: Recite            |       |     1 ||     1
    Use: Scroll            |       |     1 ||     1
         Potion            |       |     1 ||     1
 Armour: Robe              |    59 |    51 ||   110
         Ring mail         |       |    14 ||    14
  Dodge: Dodged            |    96 |    66 ||   162
